 Dungeon Crawl Stone Soup version 0.28-a0-1130-gc51a68064b (webtiles) character file.

Game seed: 13447288191023388462

3 SensoryNuts the Slasher (level 1, 0/17 HPs)
             Began as a Demigod Gladiator on Dec 12, 2021.
             Slain by a jackal (2 damage)
             ... on level 1 of the Dungeon.
             The game lasted 00:00:07 (114 turns).

SensoryNuts the Slasher (Demigod Gladiator)          Turns: 114, Time: 00:00:08

Health: 0/17       AC:  4    Str: 15    XL:     1   Next: 33%
Magic:  3/3        EV: 12    Int: 10    God:
Gold:   26         SH:  0    Dex: 15    Spells: 0/0 levels left

rFire   . . .      SeeInvis .   a - +0 long sword
rCold   . . .      Faith    .   (no shield)
rNeg    . . .      Spirit   .   b - +0 leather armour
rPois   .          Reflect  .   c - +0 helmet
rElec   .          Harm     .   (no cloak)
rCorr   .          Rampage  .   (no gloves)
Will    .....                   (no boots)
Stlth   +.........              (no amulet)
HPRegen 0.05/turn               (no ring)
MPRegen 0.08/turn               (no ring)

@: no status effects
A: high mp 1, forlorn, divine attributes
a: no special abilities


You were on level 1 of the Dungeon.
You visited 1 branch of the dungeon, and saw 1 of its levels.

You collected 26 gold pieces.

Inventory:

Hand Weapons
 a - a +0 long sword (weapon)
Missiles
 d - 3 throwing nets (quivered)
Armour
 b - a +0 leather armour (worn)
 c - a +0 helmet (worn)
Potions
 e - 3 potions of curing {unknown}


   Skills:
 + Level 1.9 Fighting
 + Level 2.8 Long Blades
 + Level 1.8 Throwing
 + Level 2.6 Dodging


You couldn't memorise any spells.
You didn't know any spells.
Your spell library was empty.

Dungeon Overview and Level Annotations

Branches:
Dungeon (1/15)


Innate Abilities, Weirdness & Mutations

You have an increased reservoir of magic. (+10% MP)
You shall have no god before yourself.
Your divine heritage dramatically boosts your attributes as you level up.


Message History

The frilled lizard misses you.
You closely miss the jackal.
The jackal is severely wounded.
The jackal misses you.
The jackal bites you but does no damage.
The frilled lizard bites you but does no damage.
The jackal misses you. The jackal bites you.
You closely miss the jackal.
The jackal is severely wounded.
The jackal bites you but does no damage.
The jackal barely misses you.
The frilled lizard bites you but does no damage.
The jackal bites you.
The jackal bites you but does no damage.
The frilled lizard bites you.
* * * LOW HITPOINT WARNING * * *
The jackal closely misses you. The frilled lizard misses you.
You see here a +0 short sword.
You hit the frilled lizard but do no damage.
The jackal barely misses you. The jackal bites you.
* * * LOW HITPOINT WARNING * * *
The jackal completely misses you. The jackal misses you.
The frilled lizard closely misses you.
You hit the frilled lizard.
You kill the frilled lizard!
The jackal barely misses you. The jackal closely misses you.
The jackal misses you.
The jackal bites you but does no damage.
Found an escape hatch in the floor.
The jackal bites you but does no damage.
The jackal bites you.
* * * LOW HITPOINT WARNING * * *
You see here a frilled lizard corpse.
The jackal closely misses you.
The jackal bites you but does no damage.
The jackal barely misses you.
You hit the jackal.
You kill the jackal!
The jackal bites you.
You die...

..⌠. ...## .⌠..###
.>.. ..#_#8#...#
#∩#...#..###
##..⌠.#....
##8.⌠..#..#
#.#...#.?.#
#..###)†@.#
#......h..#
##.....##.....
######........####
#...............
#.###.....>......
#.# #.....##.##..
#.# #.#.####.# ..#
#.# #.#.# #.##..


You could see a jackal.

Vanquished Creatures
  2 jackals (D:1)
  A kobold (D:1)
  A frilled lizard (D:1)
4 creatures vanquished.

Notes
Turn   | Place    | Note
-------+----------+-------------------------------------------
     0 | D:1      | SensoryNuts the Demigod Gladiator began the quest for the
                  | Orb.
     0 | D:1      | Reached XP level 1. HP: 17/17 MP: 3/3
     2 | D:1      | Noticed a merfolk
     2 | D:1      | Noticed a ghoul
     4 | D:1      | Noticed a draconian
     4 | D:1      | Noticed a demonspawn
     6 | D:1      | Noticed a demigod
     8 | D:1      | Noticed a minotaur
     8 | D:1      | Noticed a dwarf
    10 | D:1      | Noticed a felid
    12 | D:1      | Noticed a tengu
    12 | D:1      | Noticed a vine stalker
    14 | D:1      | Noticed a troll
    14 | D:1      | Noticed a human
    16 | D:1      | Noticed an octopode
    16 | D:1      | Noticed a spriggan
    18 | D:1      | Noticed a vampire
    18 | D:1      | Noticed an ogre
    20 | D:1      | Noticed a formicid
    22 | D:1      | Noticed a naga
    24 | D:1      | Noticed an elf
    24 | D:1      | Noticed a gargoyle
   114 | D:1      | Slain by a jackal

Illustrated notes

Levels and vault maps discovered:
D:1:      kb_arrival_jail, layout_loops_ring, shapermc_ecumenical_altar_venn,
          minmay_misc_feat_roman

Action                   || total
-------------------------++-------
Melee: Long sword        ||    14
Armor: Leather armour    ||    14
Dodge: Dodged            ||    30

Table legend: (Time is in decaauts)
 A = Elapsed time spent in this place.
 B = Non-inter-level travel time spent in this place.
 C = Inter-level travel time spent in this place.
 D = Time resting spent in this place.
 E = Time spent auto-exploring this place.
 F = Levels seen in this place.
 G = Mean time per level.
                   A        B        C        D        E       F      G
               +--------+--------+--------+--------+--------+-----+--------+
         Total |    117 |    117 |      0 |      0 |     88 |   1 |  117.0 |
       Dungeon |    117 |    117 |      0 |      0 |     88 |   1 |  117.0 |
               +--------+--------+--------+--------+--------+-----+--------+

Top non-repeatable levels by time:
     D:1: 117 daAuts
